[Event "Titled Tuesday Blitz April 4 Early 2023"]
[White "Garrido, Denis"]
[Black "Tifferet, Shaked"]
[WhiteFideId "601217"]
[BlackFideId "2811529"]
[WhiteElo "2364"]
[BlackElo "2142"]
[Result "0-1"]
[Round "08"]
[TimeControl "180+2"]
[Date "2023.04.04"]
[WhiteClock "0:00:06"]
[BlackClock "0:00:33"]

1. e4 c6 2. d4 d5 3. e5 Bf5 4. h4 Bd7 5. c4 e6 6. Nc3 Na6 7. h5 dxc4 8. Bxc4 h6 9. Nge2 Ne7 10. Ng3 Nd5 11. O-O Qb6 12. Nce4 O-O-O 13. a3 f5 14. Bxd5 cxd5 15. Nc3 Be7 16. b4 Kb8 17. Qd3 Nc7 18. Nge2 Bb5 19. Nxb5 Qxb5 20. Qf3 Rc8 21. Bd2 Bg5 22. a4 Qe8 23. Rfd1 g6 24. hxg6 Qxg6 25. b5 Na8 26. Bb4 Nb6 27. a5 Nc4 28. Rd3 Rhg8 29. Kf1 h5 30. Ke1 h4 31. Bd6+ Ka8 32. b6 a6 33. Nc3 Bh6 34. Nb5 axb5 35. a6 Qxg2 36. axb7+ Kxb7 37. Ra7+ Kxb6 38. Qxg2 Rxg2 39. Rda3 Nxa3 0-1


[Site "https://www.chess.com"]

[Event "Titled Tuesday Blitz April 4 Early 2023"]
[White "Korelskiy, Egor"]
[Black "Kraus, Tomas"]
[WhiteFideId "34329064"]
[BlackFideId "331708"]
[WhiteElo "2186"]
[BlackElo "2389"]
[Result "1/2-1/2"]
[Round "08"]
[TimeControl "180+2"]
[Date "2023.04.04"]
[WhiteClock "0:00:11"]
[BlackClock "0:00:15"]

1. e4 e6 2. Qe2 d5 3. exd5 Qxd5 4. Nc3 Qd8 5. Nf3 c5 6. g3 b6 7. Bg2 Bb7 8. O-O Nf6 9. Ne5 Bxg2 10. Kxg2 Nbd7 11. Nf3 Be7 12. Rd1 O-O 13. d4 cxd4 14. Nxd4 Qc7 15. Bg5 a6 16. Re1 Bc5 17. Rad1 h6 18. Bf4 Qb7+ 19. Qf3 Qxf3+ 20. Nxf3 Rac8 21. Re2 Bb4 22. Ne4 Nd5 23. c3 Be7 24. Bd6 Bxd6 25. Nxd6 Rc6 26. Ne4 N7f6 27. Ne5 Rc7 28. Nxf6+ Nxf6 29. Red2 Rb8 30. f4 b5 31. Rd8+ Rxd8 32. Rxd8+ Kh7 33. Rd6 b4 34. cxb4 Rc2+ 35. Kf3 Rxb2 36. a3 Rb3+ 37. Kg2 Rxa3 38. Nxf7 Ra2+ 39. Kf3 Ra3+ 40. Ke2 Ra2+ 41. Ke3 Nd5+ 42. Kd3 Nxb4+ 43. Kc4 Nd5 44. Rxe6 Nf6 45. Ne5 Rxh2 46. Rxa6 Rg2 47. Ra3 h5 48. Kd4 Re2 49. Kd3 Re1 50. Kd2 Rg1 51. Ke2 Rh1 52. Kf3 Rf1+ 53. Kg2 Rb1 54. Ra7 Rb3 55. Nf3 Ne4 56. Ng5+ Nxg5 57. fxg5 Kg6 58. Ra5 Rb4 59. Kh3 Rg4 60. Ra6+ Kxg5 61. Ra5+ Kh6 62. Ra6+ Rg6 63. Ra5 Rb6 64. Kh4 Rb4+ 65. Kh3 g6 66. Ra6 Rb1 67. Ra5 Rh1+ 68. Kg2 Rb1 69. Kh3 Rc1 70. Ra6 Rc4 71. Ra5 Re4 72. Ra6 Re5 73. Rb6 Kg5 74. Ra6 Rf5 75. Rb6 Rf1 76. Rb5+ Kf6 77. Rb6+ Kg7 78. Rb7+ Kh6 79. Rb6 Re1 80. Ra6 Re4 81. Rb6 Kg7 82. Rb7+ Kf6 83. Rb6+ Kf5 84. Rb5+ Re5 85. Rb6 g5 86. Rh6 Re1 87. Rh8 Rh1+ 88. Kg2 Ra1 89. Rxh5 Ra2+ 90. Kf3 Ra3+ 91. Kf2 Kg4 92. Rh2 Ra2+ 93. Kg1 Ra1+ 94. Kf2 Rc1 95. Rh8 Rc2+ 96. Kf1 Kxg3 97. Rd8 g4 98. Rd3+ Kh2 99. Rd8 Rc7 100. Rh8+ Kg3 101. Rd8 Rf7+ 102. Kg1 Rc7 103. Rd3+ Kh4 104. Ra3 Rc2 105. Rb3 Rc1+ 106. Kg2 Ra1 107. Rc3 Ra2+ 108. Kg1 Kg5 109. Rb3 Kf4 110. Rb4+ Kf3 111. Rb3+ Kf4 112. Rb4+ Kg3 113. Rb3+ Kh4 114. Rb4 Re2 115. Rb3 Kg5 116. Ra3 Kf4 117. Rb3 Re3 118. Rxe3 Kxe3 119. Kg2 Kf4 120. Kf2 g3+ 121. Kg2 Kg4 122. Kg1 Kh4 123. Kg2 Kg4 124. Kg1 Kf5 125. Kg2 Kf4 126. Kg1 Kf3 127. Kf1 Kg4 128. Kg2 Kh4 129. Kg1 Kh3 130. Kh1 g2+ 131. Kg1 Kg4 132. Kxg2 1/2-1/2


[Site "https://www.chess.com"]

[Event "Titled Tuesday Blitz April 4 Early 2023"]
[White "Fajdetic, Hrvoje"]
[Black "UNSTOPPABLE_LEGEND"]
[WhiteFideId "14501945"]
[WhiteElo "2185"]
[BlackElo "2508"]
[Result "0-1"]
[Round "08"]
[TimeControl "180+2"]
[Date "2023.04.04"]
[WhiteClock "0:00:05"]
[BlackClock "0:01:27"]

1. d4 g6 2. Nc3 Bg7 3. e4 d6 4. Be3 Nf6 5. f3 Kf8 6. Qd2 Rg8 7. O-O-O Ne8 8. Bh6 Nd7 9. h4 Ndf6 10. Bc4 e6 11. Nge2 c6 12. Bg5 d5 13. Bb3 a5 14. e5 b5 15. exf6 Nxf6 16. a4 b4 17. Nb1 Qb6 18. g4 Ba6 19. Ng3 Bc4 20. h5 Bxb3 21. cxb3 c5 22. Qf4 Nd7 23. hxg6 hxg6 24. Rh7 cxd4 25. Rxg7 Rc8+ 26. Kd2 Rxg7 27. Bh6 Nc5 28. Qf6 Nxb3+ 29. Ke1 Rc2 30. Qxg7+ Ke8 31. Qg8+ Ke7 32. Bg5+ Kd7 33. Qxf7+ Kc8 34. Qe8+ Kb7 35. Qb5 Qxb5 36. axb5 Rxb2 37. Bc1 Rxb1 38. Ne2 a4 39. Bf4 Rxd1+ 40. Kxd1 Kb6 41. Kc2 Kxb5 42. Kd3 a3 43. Bc1 a2 44. Bb2 a1=Q 45. Bxa1 Nxa1 46. Nxd4+ Ka4 47. Nxe6 b3 48. Nc5+ Ka3 49. Nxb3 Nxb3 50. f4 Kb4 51. f5 gxf5 52. g5 f4 53. g6 Nc5+ 54. Kd4 Nd7 55. Kxd5 f3 56. Ke6 Nf8+ 57. Kf7 Nxg6 58. Kxg6 0-1


[Site "https://www.chess.com"]

[Event "Titled Tuesday Blitz April 4 Early 2023"]
[White "Rosenberg, Evan S"]
[Black "Dushyant Sharma"]
[WhiteFideId "2019299"]
[BlackFideId "25065130"]
[WhiteElo "2230"]
[BlackElo "2198"]
[Result "0-1"]
[Round "08"]
[TimeControl "180+2"]
[Date "2023.04.04"]
[WhiteClock "0:00:04"]
[BlackClock "0:00:44"]

1. d4 d5 2. Nf3 e6 3. g3 Nf6 4. Bg2 Be7 5. O-O O-O 6. c4 dxc4 7. Qc2 c5 8. dxc5 Nc6 9. Qxc4 e5 10. Nc3 Be6 11. Qb5 Qc7 12. b4 a5 13. Ng5 Bd7 14. Be3 axb4 15. Nd5 Nxd5 16. Bxd5 Ra5 17. Qd3 Bxg5 18. Bxg5 Rxc5 19. Rac1 Nd4 20. Rxc5 Qxc5 21. Bxb7 Bb5 22. Qe3 Nxe2+ 23. Kg2 Nd4 24. Be4 Bxf1+ 25. Kxf1 f5 26. Bd3 h6 27. Bxh6 gxh6 28. Qxh6 Qe7 29. Qg6+ Qg7 30. Bc4+ Kh8 31. Qh5+ Qh7 32. Qg5 Qxh2 33. Ke1 Nf3+ 0-1


[Site "https://www.chess.com"]

[Event "Titled Tuesday Blitz April 4 Early 2023"]
[White "Aponte Ramos, Argimiro"]
[Black "Kaczur, Florian"]
[WhiteFideId "3900568"]
[BlackFideId "705098"]
[WhiteElo "2216"]
[BlackElo "2485"]
[Result "0-1"]
[Round "08"]
[TimeControl "180+2"]
[Date "2023.04.04"]
[WhiteClock "0:00:12"]
[BlackClock "0:00:14"]

1. a3 c6 2. b4 a5 3. Bb2 Qb6 4. c3 Nf6 5. Nf3 d6 6. d4 Bf5 7. Nbd2 Qc7 8. e3 e5 9. dxe5 dxe5 10. c4 Nbd7 11. Bc3 e4 12. Nd4 Bg6 13. bxa5 Bd6 14. h3 O-O 15. Be2 Rfd8 16. O-O Rxa5 17. Bxa5 Qxa5 18. Re1 Qg5 19. Nf1 Nc5 20. Qb1 Bc7 21. Qb4 h5 22. Rad1 Ra8 23. Nb3 Nxb3 24. Qxb7 Rxa3 25. Qxc7 Nc5 26. Rd8+ Kh7 27. Qxc6 Nd3 28. Rd1 Ra2 29. Bxd3 exd3 30. R8xd3 Be4 31. Qxe4+ Nxe4 32. Rd5 f5 0-1


[Site "https://www.chess.com"]

[Event "Titled Tuesday Blitz April 4 Early 2023"]
[White "Deuer, Marius"]
[Black "De La Colina, Nicolas"]
[WhiteFideId "16236432"]
[BlackFideId "30946921"]
[WhiteElo "2163"]
[BlackElo "2046"]
[Result "0-1"]
[Round "08"]
[TimeControl "180+2"]
[Date "2023.04.04"]
[WhiteClock "0:00:04"]
[BlackClock "0:00:46"]

1. b3 Nf6 2. Bb2 e6 3. e3 b6 4. Nf3 Bb7 5. Be2 c5 6. c4 Be7 7. Nc3 O-O 8. d4 cxd4 9. exd4 d6 10. O-O Nbd7 11. Qc2 a6 12. Rad1 Rc8 13. Rfe1 Qc7 14. Qb1 d5 15. Ne5 dxc4 16. Bxc4 b5 17. Bd3 Nb6 18. Ne4 Nxe4 19. Bxe4 Bxe4 20. Qxe4 Nd5 21. Re2 Qa5 22. h4 Qxa2 23. Rd3 Qb1+ 24. Kh2 Nb4 25. Rg3 Qxe4 26. Rxe4 Rc2 27. Reg4 g6 28. Ba3 h5 29. Rf4 Nd5 30. Bxe7 Nxe7 31. Rf6 Nf5 32. Rg5 Rc7 33. d5 Rc5 34. dxe6 Rxe5 35. exf7+ Rxf7 36. Rgxg6+ Ng7 37. Rxa6 Rxf2 38. Rab6 Rf4 39. Rg5 Rxh4+ 40. Kg3 Rxg5+ 41. Kxh4 Rg4+ 42. Kh3 Rb4 43. g3 Kh7 44. Rb7 0-1


[Site "https://www.chess.com"]

[Event "Titled Tuesday Blitz April 4 Early 2023"]
[White "Vlassov, Nikolai"]
[Black "Harriott, Tyrell"]
[WhiteFideId "4103360"]
[BlackFideId "2086484"]
[WhiteElo "2324"]
[BlackElo "2107"]
[Result "0-1"]
[Round "08"]
[TimeControl "180+2"]
[Date "2023.04.04"]
[WhiteClock "0:00:01"]
[BlackClock "0:00:13"]

1. e4 e6 2. c4 b6 3. d4 Bb7 4. Nc3 Bb4 5. Bd3 Nf6 6. Qe2 d5 7. cxd5 O-O 8. dxe6 fxe6 9. Nf3 Nc6 10. Be3 Ng4 11. O-O e5 12. d5 Ne7 13. Ng5 Nxe3 14. fxe3 Qd6 15. Ne6 Rxf1+ 16. Rxf1 a6 17. Qf3 Kh8 18. Ne2 Ng6 19. a3 Bd2 20. Rd1 Ba5 21. b4 Bc8 22. bxa5 Bxe6 23. dxe6 Qxe6 24. axb6 cxb6 25. Ng3 Rf8 26. Nf5 Nh4 27. Qg4 Ng6 28. Bxa6 Qb3 29. h4 Qxa3 30. Bf1 Rg8 31. h5 Ne7 32. Rd7 Nxf5 33. exf5 Qxe3+ 34. Kh2 Qh6 35. Bc4 Rf8 36. Be6 b5 37. Rb7 b4 38. Rxb4 e4 39. Rxe4 Qf6 40. Rc4 h6 41. Rc8 Rxc8 42. Bxc8 Qd6+ 43. Qg3 Qe7 44. Be6 Qf6 45. Qf4 Qe7 46. Bb3 Qd8 47. Qc4 Kh7 48. g4 Qh4+ 49. Kg2 Qd8 50. Kf3 Kh8 51. Qd5 Qc8 52. Ke4 Qe8+ 53. Qe6 Qa8+ 54. Bd5 Qd8 55. Ke5 Qf8 56. f6 Qb8+ 57. Qd6 gxf6+ 0-1


[Site "https://www.chess.com"]

[Event "Titled Tuesday Blitz April 4 Early 2023"]
[White "Kopczynski, Michal"]
[Black "Florescu, Codrut-Constantin"]
[WhiteFideId "1124200"]
[BlackFideId "1202200"]
[WhiteElo "2212"]
[BlackElo "2191"]
[Result "1/2-1/2"]
[Round "08"]
[TimeControl "180+2"]
[Date "2023.04.04"]
[WhiteClock "0:00:08"]
[BlackClock "0:00:14"]

1. e4 c5 2. d4 cxd4 3. c3 Nf6 4. Bd3 Nc6 5. f4 d5 6. e5 Ne4 7. Nf3 e6 8. cxd4 Nb4 9. O-O Nxd3 10. Qxd3 Bd7 11. Nc3 Nxc3 12. bxc3 Qb6 13. f5 Bb5 14. Qc2 Bxf1 15. Kxf1 exf5 16. Qxf5 Qg6 17. Qh3 Be7 18. Kg1 O-O 19. Bf4 Rac8 20. Ne1 Qe6 21. Qf3 f6 22. Qg3 fxe5 23. Bxe5 Bf6 24. Nd3 Rxc3 25. Nf4 Rxg3 26. Nxe6 Bxe5 27. hxg3 Re8 28. dxe5 Rxe6 29. Re1 d4 30. Kf2 Ra6 31. Re2 Kf7 32. Kf3 d3 33. Rd2 Ke6 34. Rxd3 Rxa2 35. Rd6+ Kxe5 36. Rd7 Rb2 37. Rxg7 h6 38. Rh7 a5 39. Rxh6 a4 40. Rh5+ Kd6 41. Ra5 b5 42. g4 Ke5 43. Ke3 Rb3+ 44. Kd2 Kf4 45. Kc2 Kxg4 46. Ra8 Kf4 47. Rf8+ Ke4 48. Rd8 Rg3 49. Rb8 Rg5 50. Kc3 Kf4 51. Kb4 Kg3 52. Rc8 Kxg2 53. Rb8 Kg3 54. Rd8 Kf4 55. Rd7 Re5 56. Rd8 Ke4 57. Rd7 Rd5 58. Rc7 Kd3 59. Rc8 Kd2 60. Rc7 Kd3 61. Rc8 Kd4 62. Rc7 Ke5 63. Rc8 Kd6 64. Rc1 Kd7 65. Rc2 Ke6 66. Rc1 Rh5 67. Rc8 Kd7 68. Rc1 Rg5 69. Rc2 Ke7 70. Rc1 Kf6 71. Rc2 Kg6 72. Rc1 Kh5 73. Rc2 Rf5 74. Rc1 Kg4 75. Rc2 Kf3 76. Rc1 Ke3 77. Rc2 Kd3 78. Rc8 Kd2 79. Rc7 Rf3 80. Kxb5 a3 81. Kb4 Rd3 82. Ra7 Kc2 83. Rxa3 Rd4+ 84. Kc5 Rd3 85. Rxd3 Kxd3 1/2-1/2


[Site "https://www.chess.com"]

[Event "Titled Tuesday Blitz April 4 Early 2023"]
[White "Gatterer, Florian"]
[Black "Martic, Ivan"]
[WhiteFideId "811688"]
[BlackFideId "929301"]
[WhiteElo "2221"]
[BlackElo "2360"]
[Result "0-1"]
[Round "08"]
[TimeControl "180+2"]
[Date "2023.04.04"]
[WhiteClock "0:00:02"]
[BlackClock "0:00:36"]

1. c4 g6 2. g3 Bg7 3. Bg2 d6 4. d4 Nf6 5. Nf3 O-O 6. O-O Nc6 7. Nc3 a6 8. Bf4 Nh5 9. Be3 f5 10. d5 Ne5 11. Nxe5 dxe5 12. f4 e4 13. Bd4 Nf6 14. e3 e6 15. Qb3 exd5 16. cxd5 Kh8 17. Rad1 Rb8 18. Be5 Nd7 19. Bxg7+ Kxg7 20. Qc4 Nf6 21. a4 Qd6 22. b4 Bd7 23. h3 b5 24. axb5 Bxb5 25. Nxb5 Rxb5 26. Rc1 Rf7 27. Ra1 Qxb4 28. Qxb4 Rxb4 29. Rfd1 Rb6 30. Bf1 Rd7 31. Bc4 Rdd6 32. Ra5 Rb4 33. Ba2 Rb2 34. Bc4 Rc2 35. Bxa6 c6 36. Bb7 Rxd5 37. Rdxd5 Nxd5 38. Bxc6 Nxe3 39. Ra7+ Kf6 40. g4 Rxc6 0-1


[Site "https://www.chess.com"]

[Event "Titled Tuesday Blitz April 4 Early 2023"]
[White "Tarasova, Viktoriya"]
[Black "Jain Kashish Manoj"]
[WhiteFideId "4175840"]
[BlackFideId "35081098"]
[WhiteElo "2182"]
[BlackElo "2191"]
[Result "0-1"]
[Round "08"]
[TimeControl "180+2"]
[Date "2023.04.04"]
[WhiteClock "0:00:01"]
[BlackClock "0:00:04"]

1. d4 f5 2. c4 g6 3. g3 Bg7 4. Bg2 Nh6 5. Nf3 Nf7 6. O-O O-O 7. Nc3 d6 8. Qc2 c6 9. b3 e5 10. dxe5 dxe5 11. e4 Na6 12. Ba3 Re8 13. Rad1 Qf6 14. h3 Nc7 15. Rfe1 Ne6 16. Ne2 Neg5 17. Nxg5 Nxg5 18. h4 Nf7 19. Nc3 f4 20. Rd3 Bg4 21. Kh2 g5 22. hxg5 Nxg5 23. Rd6 Re6 24. Rxe6 Nxe6 25. Kg1 Nd4 26. Qd3 f3 27. Bf1 Rd8 28. Qb1 Bh6 29. Nd1 Bd2 30. Ne3 h5 31. Rd1 Bxe3 32. fxe3 f2+ 33. Kh2 Bxd1 34. exd4 Rxd4 35. Bb2 h4 36. Bxd4 hxg3+ 37. Kxg3 Qf4+ 38. Kg2 Bf3+ 39. Kh3 Qg4+ 40. Kh2 Qg1+ 41. Kh3 Bg2+ 42. Kh4 Bxf1 43. Qc1 Qh1+ 44. Kg5 Qg2+ 45. Kf6 Qf3+ 46. Ke7 exd4 47. Qg5+ Kh7 48. Qh4+ Kg6 0-1


[Site "https://www.chess.com"]

[Event "Titled Tuesday Blitz April 4 Early 2023"]
[White "Hnydiuk, Aleksander"]
[Black "Manukian, Artak"]
[WhiteFideId "1109057"]
[BlackFideId "13301373"]
[WhiteElo "2374"]
[BlackElo "2130"]
[Result "0-1"]
[Round "08"]
[TimeControl "180+2"]
[Date "2023.04.04"]
[WhiteClock "0:01:59"]
[BlackClock "0:00:22"]

1. b3 Nf6 2. Bb2 g6 3. g3 Bg7 4. Bg2 O-O 5. e3 d5 6. f4 c5 7. Nf3 Nc6 8. O-O a5 9. Qe1 a4 10. d3 axb3 11. axb3 Rxa1 12. Bxa1 Nb4 13. Qd1 Ng4 14. Bxg7 Kxg7 15. Qd2 Qb6 16. h3 Nf6 17. Nc3 e6 18. Na4 Qc7 19. Qc3 Qe7 20. Qxc5 Qxc5 21. Nxc5 Nxc2 22. Kf2 b6 23. Na4 Ba6 24. Ne5 Nb4 25. Rc1 Nxd3+ 26. Nxd3 Bxd3 27. Rc7 h5 28. Ke1 Be4 29. Bf1 Rb8 30. Kd2 Bf5 31. Kc3 Ne4+ 32. Kb4 Nxg3 33. Bg2 Be4 34. Bxe4 dxe4 35. Kb5 Nf5 36. Rc3 Ne7 37. b4 Nd5 38. Ra3 f5 39. Nb2 Kf6 40. Nc4 g5 41. fxg5+ Kxg5 42. Kc6 Kh4 43. Kd7 b5 44. Ne5 Nxb4 45. Kxe6 Nd3 46. Kxf5 b4 47. Rb3 Rb5 48. Kxe4 Nxe5 0-1


[Site "https://www.chess.com"]

[Event "Titled Tuesday Blitz April 4 Early 2023"]
[White "Dixit, Nikhil"]
[Black "Rios Escobar, Adan"]
[WhiteFideId "5059534"]
[BlackFideId "3403645"]
[WhiteElo "2207"]
[BlackElo "2404"]
[Result "0-1"]
[Round "08"]
[TimeControl "180+2"]
[Date "2023.04.04"]
[WhiteClock "0:00:50"]
[BlackClock "0:00:03"]

1. e4 c5 2. Nf3 d6 3. Bb5+ Nd7 4. Bxd7+ Bxd7 5. O-O e6 6. c3 Ne7 7. d4 Ng6 8. d5 Be7 9. Nbd2 O-O 10. Nc4 b5 11. Ne3 a5 12. g3 Re8 13. h4 Nf8 14. e5 exd5 15. exd6 Bxd6 16. Qxd5 Qc7 17. Nf5 Bxf5 18. Qxf5 Bxg3 19. fxg3 Qxg3+ 20. Kh1 g6 21. Qf4 Qh3+ 22. Kg1 Re2 23. Qxf7+ Kh8 24. Qf6+ Kg8 25. Qg5 Rae8 26. Bf4 Ne6 27. Qg3 Nxf4 28. Qxh3 Nxh3+ 29. Kh1 Rxb2 30. Rad1 Ree2 31. Rd7 Nf2+ 32. Kg2 Ne4+ 33. Kh3 Re3 34. Ra7 h6 35. Kg4 Nf6+ 36. Kf4 Re4+ 37. Kg3 Nh5+ 38. Kh3 Nf4+ 39. Kg3 Rg2# 0-1


[Site "https://www.chess.com"]

[Event "Titled Tuesday Blitz April 4 Early 2023"]
[White "Topalov, Aleksandar"]
[Black "Fiorito, Joaquin"]
[WhiteFideId "925659"]
[BlackFideId "180173"]
[WhiteElo "2151"]
[BlackElo "2157"]
[Result "1-0"]
[Round "08"]
[TimeControl "180+2"]
[Date "2023.04.04"]
[WhiteClock "0:00:17"]
[BlackClock "0:00:24"]

1. b3 d5 2. Bb2 Nf6 3. Nf3 c6 4. g3 Bf5 5. Bg2 e6 6. O-O Be7 7. d3 h6 8. Nbd2 O-O 9. c4 a5 10. a3 Nbd7 11. Ra2 Re8 12. Qa1 Bh7 13. Ne5 Bf8 14. Ndf3 Nxe5 15. Nxe5 Nd7 16. Nxd7 Qxd7 17. Rc1 Rad8 18. Bc3 b6 19. Be1 e5 20. cxd5 cxd5 21. Rac2 e4 22. dxe4 dxe4 23. Rc7 Qb5 24. Qb2 e3 25. f4 Bc5 26. Bc6 Qa6 27. Bxe8 Rxe8 28. b4 axb4 29. axb4 Qb5 30. Qa2 Bf8 31. Qxf7+ Kh8 32. Rc8 1-0


[Site "https://www.chess.com"]

[Event "Titled Tuesday Blitz April 4 Early 2023"]
[White "Krzywda, Andrzej"]
[Black "Ordekalog"]
[WhiteFideId "1114565"]
[WhiteElo "2155"]
[BlackElo "2541"]
[Result "0-1"]
[Round "08"]
[TimeControl "180+2"]
[Date "2023.04.04"]
[WhiteClock "0:00:05"]
[BlackClock "0:01:25"]

1. e4 d5 2. exd5 Qxd5 3. Nc3 Qa5 4. d4 Nf6 5. Nf3 Bg4 6. Be2 Nc6 7. h3 Bh5 8. Bd2 O-O-O 9. Nb5 Qb6 10. c3 Bxf3 11. gxf3 e5 12. O-O exd4 13. Nxd4 Nxd4 14. cxd4 Qxd4 15. Bc3 Qf4 16. Qc1 Qf5 17. Qe3 Bd6 18. f4 Kb8 19. Be5 Rhe8 20. Bd3 Qh5 21. Qg3 Rxe5 22. fxe5 Bxe5 23. Qe3 Nd5 24. Qe4 Nf4 25. Rad1 Qxh3 26. Bc2 Ne2+ 27. Qxe2 Qh2# 0-1


[Site "https://www.chess.com"]

[Event "Titled Tuesday Blitz April 4 Early 2023"]
[White "Pajeken, Jakob Leon"]
[Black "Shukhman, Anna"]
[WhiteFideId "12942839"]
[BlackFideId "54180058"]
[WhiteElo "2414"]
[BlackElo "2125"]
[Result "1-0"]
[Round "08"]
[TimeControl "180+2"]
[Date "2023.04.04"]
[WhiteClock "0:00:16"]
[BlackClock "0:00:32"]

1. d4 Nf6 2. Nf3 e6 3. g3 c5 4. Bg2 Nc6 5. O-O cxd4 6. Nxd4 d5 7. c4 e5 8. Nxc6 bxc6 9. Nc3 Be6 10. Bg5 Rc8 11. cxd5 cxd5 12. Bxd5 Bxd5 13. Bxf6 Qxf6 14. Nxd5 Qa6 15. Rc1 Rxc1 16. Qxc1 Bd6 17. Qg5 O-O 18. Nf6+ Kh8 19. Ne4 f5 20. Nxd6 Qxd6 21. Rc1 f4 22. Qg4 h6 23. Rc8 fxg3 24. hxg3 Qd1+ 25. Kg2 Qd5+ 26. e4 Qd6 27. Rxf8+ Qxf8 28. Qd7 Qc5 29. Qd5 Qc7 30. b4 Kh7 31. a4 Kh8 32. b5 Kh7 33. Qc6 Qa5 34. Qc4 Kh8 35. Qc8+ Kh7 36. Qf5+ Kh8 37. Qxe5 Qxa4 38. Qd5 Qb4 39. e5 h5 40. e6 h4 41. Qh5+ Kg8 42. Qf7+ Kh7 43. Qf5+ Kg8 44. Qd5 Kh7 45. Qd3+ Kg8 46. Qd8+ Kh7 47. Qxh4+ Qxh4 48. gxh4 Kg6 49. Kf3 Kf6 50. Kg4 Kxe6 51. Kg5 Kd5 52. Kg6 Kc5 53. Kxg7 Kxb5 54. Kg6 a5 55. h5 a4 56. h6 a3 57. h7 a2 58. h8=Q Kb4 59. Qa1 Kb3 60. f4 Ka3 61. f5 Kb3 62. f6 Ka3 63. f7 Kb3 64. f8=Q Ka4 65. Qf2 Kb5 66. Qfxa2 Kb4 67. Q2b2+ Kc4 68. Qac1+ Kd3 69. Qbd2+ Ke4 70. Qce1+ 1-0


[Site "https://www.chess.com"]

[Event "Titled Tuesday Blitz April 4 Early 2023"]
[White "Yanayt, Eugene"]
[Black "Dobre, Claudiu-Cristian"]
[WhiteFideId "2020165"]
[BlackFideId "1211854"]
[WhiteElo "2083"]
[BlackElo "2207"]
[Result "1-0"]
[Round "08"]
[TimeControl "180+2"]
[Date "2023.04.04"]
[WhiteClock "0:00:11"]
[BlackClock "0:00:06"]

1. d4 f5 2. g3 g6 3. Bg2 Bg7 4. Nf3 Nf6 5. O-O O-O 6. b3 d6 7. Bb2 c6 8. a4 Qc7 9. a5 Re8 10. c4 Na6 11. d5 cxd5 12. cxd5 Nb4 13. Nc3 Ne4 14. Nb5 Qc5 15. Bxg7 Kxg7 16. Qd4+ Qxd4 17. Nfxd4 Nxd5 18. f3 Nec3 19. e4 Nxb5 20. Nxb5 Bd7 21. Nd4 Ne3 22. Rfc1 Nxg2 23. Kxg2 Rac8 24. exf5 gxf5 25. Kf2 e5 26. Ne2 Be6 27. b4 Rc4 28. Rxc4 Bxc4 29. Rc1 d5 30. f4 e4 31. Nd4 e3+ 32. Kf3 Kf6 33. Re1 Re4 34. Nc2 d4 35. g4 Bd3 36. Na3 e2 37. gxf5 Re3+ 38. Kf2 Kxf5 39. Nb1 Rh3 40. Kg2 Re3 41. Nd2 Kxf4 42. Nb3 Rh3 43. Kxh3 Ke3 44. Kg2 Be4+ 45. Kg1 d3 46. Nc1 Bf3 47. Nxd3 Kxd3 48. Kf2 Bh5 49. Rg1 Kc4 50. b5 Bg6 51. Rg5 Bd3 52. h4 Kb4 53. b6 a6 54. Ke1 Bb5 55. Rh5 Kxa5 56. Rxh7 Kxb6 57. Rh6+ Kc5 58. Rh5+ Kb4 59. Rxb5+ Kxb5 60. h5 a5 61. h6 a4 62. h7 Kc4 63. h8=Q b5 64. Kxe2 b4 65. Kd2 Kb3 66. Qa1 a3 67. Kd3 Ka4 68. Kc4 b3 69. Qf6 Ka5 70. Qc6 1-0


[Site "https://www.chess.com"]

[Event "Titled Tuesday Blitz April 4 Early 2023"]
[White "Tomaszewski, Kacper"]
[Black "Klepikov, Nikita"]
[WhiteFideId "1127373"]
[BlackFideId "24145220"]
[WhiteElo "2211"]
[BlackElo "2025"]
[Result "1-0"]
[Round "08"]
[TimeControl "180+2"]
[Date "2023.04.04"]
[WhiteClock "0:00:18"]
[BlackClock "0:00:04"]

1. Nf3 Nf6 2. c4 g6 3. Nc3 d6 4. e4 e5 5. d4 Nbd7 6. Be2 Bg7 7. O-O O-O 8. Qc2 Qe7 9. dxe5 dxe5 10. Nd5 Qd8 11. Bg5 c6 12. Nxf6+ Bxf6 13. Bh6 Re8 14. Rfd1 Qe7 15. Rd2 Nc5 16. Rad1 a5 17. b3 Ne6 18. Be3 c5 19. Ne1 Nd4 20. Bxd4 exd4 21. Bd3 Bg5 22. Re2 Bg4 23. f3 Bd7 24. g3 h5 25. Ng2 a4 26. Rf1 axb3 27. axb3 Ra3 28. f4 Bh6 29. e5 Rea8 30. Nh4 Bg4 31. Ref2 Qd7 32. Re1 Ra2 33. Qxa2 Rxa2 34. Rxa2 Bf8 35. Ra8 Kg7 36. Rea1 Be7 37. Ng2 Bf3 38. Ne1 Bc6 39. Rb8 h4 40. Raa8 hxg3 41. hxg3 Bf8 42. Rxf8 f6 43. Rg8+ Kf7 44. Bxg6+ Ke7 45. Rae8+ Qxe8 46. Bxe8 Bxe8 47. Rxe8+ Kxe8 48. exf6 Kf7 49. Nd3 Kxf6 50. Nxc5 Kf5 51. Kf2 b6 52. Nd3 Ke4 53. Ke2 Kf5 54. Kf3 1-0


[Site "https://www.chess.com"]

[Event "Titled Tuesday Blitz April 4 Early 2023"]
[White "Turzo, Attila"]
[Black "Ansh M Shah"]
[WhiteFideId "704954"]
[BlackFideId "25033379"]
[WhiteElo "2515"]
[BlackElo "2084"]
[Result "1-0"]
[Round "08"]
[TimeControl "180+2"]
[Date "2023.04.04"]
[WhiteClock "0:00:21"]
[BlackClock "0:00:04"]

1. e4 c6 2. d4 d5 3. exd5 cxd5 4. Bd3 Nc6 5. c3 Nf6 6. h3 e5 7. dxe5 Nxe5 8. Bb5+ Bd7 9. Bxd7+ Qxd7 10. Nf3 Nxf3+ 11. Qxf3 Qe6+ 12. Qe2 Qxe2+ 13. Kxe2 Bc5 14. Be3 Bxe3 15. Kxe3 O-O 16. Nd2 Rfe8+ 17. Kd3 Ne4 18. Nxe4 dxe4+ 19. Ke3 Rad8 20. Rhd1 f5 21. g4 g6 22. gxf5 gxf5 23. Kf4 Rf8 24. Rg1+ Kh8 25. Rad1 a6 26. c4 b6 27. b3 a5 28. Rd5 Rde8 29. Rxf5 Rxf5+ 30. Kxf5 e3 31. fxe3 Rxe3 32. Kg4 Re2 33. a4 Rb2 34. Rg3 Kg7 35. Kf5+ Kf7 36. Ke5 Rd2 37. Ke4 Ke6 38. Rg5 Rh2 39. Rh5 Kd6 40. Rxh7 Kc5 41. Rh5+ Kb4 42. Rb5+ Kc3 43. Rxb6 Rxh3 44. Kd5 Rh5+ 45. Kc6 Kd4 46. Rb5 Rh3 47. Rxa5 Rxb3 48. c5 Ra3 49. Kd6 Rh3 50. c6 Rh6+ 51. Kc7 Kc4 52. Rb5 Rh7+ 53. Kb6 Rh6 54. Kb7 1-0


[Site "https://www.chess.com"]

[Event "Titled Tuesday Blitz April 4 Early 2023"]
[White "Shevtchenko, Olesya"]
[Black "I_KID_you_not"]
[WhiteFideId "24131890"]
[WhiteElo "2003"]
[BlackElo "2345"]
[Result "1-0"]
[Round "08"]
[TimeControl "180+2"]
[Date "2023.04.04"]
[WhiteClock "0:01:47"]
[BlackClock "0:01:11"]

1. e4 c5 2. Nf3 Nc6 3. d4 cxd4 4. Nxd4 e5 5. Nb5 d6 6. Bd3 Be7 7. O-O a6 8. N5c3 Nf6 9. Bg5 O-O 10. Bxf6 Bxf6 11. Nd5 Bg5 12. Nbc3 Be6 13. a4 Ne7 14. Bc4 Rc8 15. Bb3 Kh8 16. Qd3 g6 17. Rad1 Nxd5 18. Bxd5 Bxd5 19. Qxd5 Rc6 20. Rd3 f5 21. Rfd1 Qc7 22. Qb3 Bd8 23. Qb4 fxe4 24. Rxd6 Be7 25. Rxc6 Qd6 1-0


[Site "https://www.chess.com"]

[Event "Titled Tuesday Blitz April 4 Early 2023"]
[White "Weishaeutel, Moritz"]
[Black "Ovezdurdyyeva, Jemal"]
[WhiteFideId "12967300"]
[BlackFideId "14001888"]
[WhiteElo "2301"]
[BlackElo "2043"]
[Result "1-0"]
[Round "08"]
[TimeControl "180+2"]
[Date "2023.04.04"]
[WhiteClock "0:01:17"]
[BlackClock "0:01:12"]

1. e4 d6 2. f4 Nf6 3. Nc3 g6 4. Nf3 Bg7 5. Bc4 c6 6. e5 dxe5 7. fxe5 Nd5 8. O-O O-O 9. d4 b5 10. Bxd5 cxd5 11. Nxb5 Nc6 12. Nc3 Bg4 13. Be3 e6 14. h3 Bf5 15. g4 Be4 16. Nxe4 dxe4 17. Ng5 Qd5 18. c4 Qxc4 19. Nxe4 Qd5 20. Qf3 Nxd4 21. Nf6+ Bxf6 22. Qxf6 Nc6 23. Bh6 Qxe5 24. Qxe5 Nxe5 25. Bxf8 Kxf8 26. Rae1 Nd3 27. Rxe6 Nxb2 28. Ref6 a5 29. Rxf7+ Kg8 30. Rb7 1-0


[Site "https://www.chess.com"]

[Event "Titled Tuesday Blitz April 4 Early 2023"]
[White "Fuzesabonyilaci"]
[Black "Novikov, Evgenij"]
[BlackFideId "4125380"]
[WhiteElo "2341"]
[BlackElo "2242"]
[Result "1-0"]
[Round "08"]
[TimeControl "180+2"]
[Date "2023.04.04"]
[WhiteClock "0:00:19"]
[BlackClock "0:00:14"]

1. Nf3 Nf6 2. g3 g6 3. Bg2 Bg7 4. O-O O-O 5. b3 b5 6. Bb2 Bb7 7. a4 a6 8. d4 d6 9. Nbd2 Nbd7 10. c4 b4 11. Qc2 Re8 12. e4 e5 13. d5 Nc5 14. Ne1 Nfd7 15. a5 c6 16. Nd3 Nxd3 17. Qxd3 Nc5 18. Qc2 cxd5 19. cxd5 Rc8 20. Nc4 Rc7 21. Bc1 Qd7 22. Re1 f5 23. Bd2 fxe4 24. Bxe4 Nxe4 25. Qxe4 Rc5 26. Nb6 Qb5 27. Bxb4 Rxd5 28. Bxd6 Rxd6 29. Qxb7 e4 30. Rac1 e3 31. Rxe3 Rf8 32. Rf3 Rdf6 33. Rxf6 Bxf6 34. Qd5+ Qxd5 35. Nxd5 Bd4 36. Rc2 Rf5 37. Ne7+ Kf7 38. Nxf5 gxf5 39. Rc6 1-0


[Site "https://www.chess.com"]